 Dungeon Sprint DCSS version 0.23.2-30-g0e89c35649 (webtiles) character file.

Game seed: 16346235898115018318

12467 Kobolds4U the Fencer (level 11, -4/111 (112) HPs)
             Began as a Minotaur Berserker on June 10, 2019.
             Was a High Priest of Trog.
             Slain by a 12-headed hydra (8 damage)
             ... while paralysed by a floating eye
             ... in the Dungeon (Sprint I: "Red Sonja").
             The game lasted 00:17:06 (3187 turns).

Kobolds4U the Fencer (Minotaur Berserker)           Turns: 3187, Time: 00:17:06

HP:   -4/111 (112)  AC: 23    Str: 22    XL:     11   Next: 62%
MP:   10/10         EV:  2    Int:  4    God:    Trog [*****.]
Gold: 15            SH:  0    Dex: 13    Spells: 10/10 levels left

rFire    + . .     SeeInvis +   r - +1 triple sword (freeze)
rCold    . . .     Gourm    .   (shield currently unavailable)
rNeg     . . .     Faith    .   y - +0 plate armour
rPois    .         Spirit   .   (helmet restricted)
rElec    .         Reflect  .   (no cloak)
rCorr    .         Harm     .   w - +1 pair of gloves
MR       .....     NoTele   +   x - +2 pair of boots {run}
Stlth    ..........             (no amulet)
HPRegen  0.28/turn              C - ring of see invisible
MPRegen  0.12/turn              b - ring of protection from fire

@: paralysed, quick
A: retaliatory headbutt, horns 2
a: Berserk, Trog's Hand, Brothers in Arms, Renounce Religion


You were in the Dungeon.
You worshipped Trog.
Trog was extremely pleased with you.
You were not hungry.

You visited 1 branch You collected 1286 gold pieces.
You spent 1271 gold pieces at shops.

Inventory:

Hand Weapons
 a - a +0 falchion
 j - a +4 antimagic great sword
 k - a +3 antimagic great sword
 n - a +3 antimagic long sword
 o - a +0 longbow
 r - a +1 triple sword of freezing (weapon)
 s - a +4 double sword of protection
Missiles
 p - 76 arrows
Armour
 m - a +0 chain mail
 w - a +1 pair of gloves (worn)
 x - a +2 pair of boots of running (worn)
 y - a +0 plate armour (worn)
Jewellery
 b - a ring of protection from fire (right hand)
 C - a ring of see invisible (left hand)
Wands
 A - a wand of random effects (16)
Scrolls
 i - a scroll of blinking
 z - a scroll of fog {unknown}
 B - a scroll of remove curse {unknown}
Potions
 d - 3 potions of curing
 e - a potion of heal wounds
 f - a potion of haste
 g - 2 potions of magic
 h - a potion of berserk rage
 l - a potion of invisibility
 q - a potion of ambrosia
 t - a potion of lignification
 v - a potion of degeneration
Miscellaneous
 u - a phantom mirror
Comestibles
 c - 4 rations


   Skills:
 + Level 15.0 Fighting
 + Level 19.8 Long Blades
 - Level 15.3 Armour
 * Level 15.5 Dodging


You had 10 spell levels left.
You didn't know any spells.
Your spell library was empty.

Dungeon Overview and Level Annotations

Branches:
Dungeon (1/1)

Altars:
Cheibriados
Dithmenos
Elyvilon
Fedhas
Gozag
Hepliaklqana
Kikubaaqudgha
Makhleb
Nemelex Xobeh
Okawaru
Qazlal
Ru
Sif Muna
Trog
Uskayaw
Vehumet
Wu Jian
Xom
Yredelemnul
Zin
The Shining One
Jiyva
Lugonu

Shops:
D ([}((=%!}*([:?([?


Innate Abilities, Weirdness & Mutations

You reflexively headbutt those who attack you in melee.
You have a pair of horns on your head.


Message History

The 12-headed hydra bites you but does no damage.
The 12-headed hydra bites you! The 12-headed hydra bites you.
The floating eye gazes piercingly through you!
You suddenly lose the ability to move!
Your deep troll bites the floating eye!!
The floating eye dies!
Trog accepts your kill. The 12-headed hydra bites you!
The 12-headed hydra bites you but does no damage.
The 12-headed hydra bites you. x2
* * * LOW HITPOINT WARNING * * *
The 12-headed hydra bites you!
* * * LOW HITPOINT WARNING * * *
The 12-headed hydra bites you!
* * * LOW HITPOINT WARNING * * *
The 12-headed hydra bites you!
* * * LOW HITPOINT WARNING * * *
The 12-headed hydra bites you but does no damage. x2
The 12-headed hydra bites you!
You die...

#####################
..#))#§..§§.§§§§@D.$#
..##'#§####§§.§§##T.+
..'.§#§# ##§§§######
###§§'.# ###§#)%?##
.##+#### #.##$$$#
.#○○. #..###.# .#○°°.
##.#A#.# §###^○.
#).###.# .'.#...#
#.##...#


You could see a 12-headed hydra and a friendly deep troll (berserk).

Vanquished Creatures
  2 centaur warriors (D)
  Sonja (D)
  A deep troll (D)
  7 unseen horrors (D)
  A lindwurm (D)
  An oklob plant (D)
  A gargoyle (D)
  2 kobold demonologists (D)
  4 demonic crawlers (D)
  A slime creature (D)
  A hornet (D)
  Sigmund (D)
  2 redbacks (D)
  13 hogs (D)
  A yak (D)
  2 floating eyes (D)
  7 necrophages (D)
  An ogre (D)
  8 jellies (D)
  Ijyb (D)
  4 ballistomycetes (D)
62 creatures vanquished.

Vanquished Creatures (collateral kills)
  A floating eye (D)
1 creature vanquished.

Vanquished Creatures (others)
  the Lernaean hydra (D)
  A deep elf master archer (D)
  2 merfolk sirens (D)
  A gargoyle (D)
  4 hornets (D)
  2 ballistomycete spores (D)
11 creatures vanquished.

Grand Total: 74 creatures vanquished

Notes
Turn   | Place    | Note
-------+----------+-------------------------------------------
     0 | D        | Kobolds4U the Minotaur Berserker began the quest for the
                  | Orb.
     0 | D        | Reached XP level 1. HP: 19/19 MP: 0/0
     1 | D        | Noticed Ijyb
    14 | D        | Killed Ijyb
    14 | D        | Reached skill level 6 in Long Blades
    14 | D        | Reached XP level 2. HP: 21/26 MP: 1/1
    67 | D        | Noticed an ogre
    71 | D        | Killed an ogre
    71 | D        | Reached skill level 8 in Long Blades
    71 | D        | Reached XP level 3. HP: 30/31 MP: 2/2
    71 | D        | Reached XP level 4. HP: 38/39 MP: 3/3
   163 | D        | Noticed Sigmund
   179 | D        | Killed Sigmund
   179 | D        | Reached ** piety under Trog
   179 | D        | Reached skill level 10 in Long Blades
   179 | D        | Reached XP level 5. HP: 34/45 MP: 4/4
   261 | D        | Found an ornate altar of the Wu Jian Council.
   261 | D        | Found a deep blue altar of Sif Muna.
   263 | D        | Found a radiant altar of Vehumet.
   266 | D        | Reached skill level 11 in Long Blades
   266 | D        | Reached skill level 10 in Dodging
   266 | D        | Reached XP level 6. HP: 31/51 MP: 5/5
   383 | D        | Found Juenebyd's Armour Emporium.
   383 | D        | Found an ancient bone altar of Kikubaaqudgha.
   383 | D        | Found a hazy altar of Hepliaklqana.
   383 | D        | Found a stormy altar of Qazlal.
   383 | D        | Found a hide-covered altar of Uskayaw.
   383 | D        | Found a blossoming altar of Fedhas.
   383 | D        | Found a bloodstained altar of Trog.
   383 | D        | Found an iron altar of Okawaru.
   383 | D        | Found a basalt altar of Yredelemnul.
   383 | D        | Found a glowing golden altar of the Shining One.
   383 | D        | Found a snail-covered altar of Cheibriados.
   383 | D        | Found a sacrificial altar of Ru.
   383 | D        | Found a glowing silver altar of Zin.
   383 | D        | Found a shadowy altar of Dithmenos.
   383 | D        | Found a white marble altar of Elyvilon.
   383 | D        | Noticed a yak
   394 | D        | Killed a yak
   394 | D        | Reached skill level 12 in Long Blades
   395 | D        | Found an opulent altar of Gozag.
   396 | D        | Found a sparkling altar of Nemelex Xobeh.
   404 | D        | Bought a +0 chain mail for 63 gold pieces
   509 | D        | Found a viscous altar of Jiyva.
   509 | D        | Found a corrupted altar of Lugonu.
   509 | D        | Noticed a slime creature
   510 | D        | Found a burning altar of Makhleb.
   510 | D        | Found a shimmering altar of Xom.
   519 | D        | Killed a slime creature
   519 | D        | Reached *** piety under Trog
   519 | D        | Reached skill level 5 in Armour
   519 | D        | Reached XP level 7. HP: 43/57 MP: 6/6
   599 | D        | Noticed a kobold demonologist
   599 | D        | Noticed a kobold demonologist
   601 | D        | Noticed a chaos spawn
   601 | D        | Reached skill level 13 in Long Blades
   620 | D        | Noticed a smoke demon
   623 | D        | Noticed a ynoxinul
   623 | D        | Killed a kobold demonologist
   625 | D        | Killed a kobold demonologist
   625 | D        | Reached **** piety under Trog
   625 | D        | Reached XP level 8. HP: 64/64 MP: 7/7
   636 | D        | Noticed a demonic crawler
   636 | D        | Noticed a demonic crawler
   636 | D        | Noticed a demonic crawler
   636 | D        | Noticed a demonic crawler
   655 | D        | Killed a demonic crawler
   655 | D        | Reached skill level 5 in Fighting
   655 | D        | Reached skill level 14 in Long Blades
   655 | D        | Reached skill level 10 in Armour
   657 | D        | Killed a demonic crawler
   674 | D        | Killed a demonic crawler
   674 | D        | Reached XP level 9. HP: 39/83 MP: 8/8
   675 | D        | Killed a demonic crawler
   675 | D        | Reached skill level 10 in Fighting
   882 | D        | Noticed a lindwurm
   892 | D        | Killed a lindwurm
  1115 | D        | Reached ***** piety under Trog
  1128 | D        | Received a gift from Trog
  1157 | D        | Reached XP level 10. HP: 76/103 MP: 3/9
  1168 | D        | Received a gift from Trog
  1312 | D        | Noticed a gargoyle
  1320 | D        | Killed a gargoyle
  1320 | D        | Reached skill level 15 in Fighting
  1338 | D        | Noticed a centaur warrior
  1338 | D        | Noticed a centaur warrior
  1351 | D        | Killed a gargoyle
  1363 | D        | Killed a centaur warrior
  1363 | D        | Reached skill level 15 in Long Blades
  1368 | D        | Killed a centaur warrior
  1476 | D        | Reached skill level 16 in Long Blades
  1481 | D        | Noticed an oklob plant
  1485 | D        | Killed an oklob plant
  1485 | D        | Received a gift from Trog
  1598 | D        | Reached ****** piety under Trog
  1868 | D        | Killed an unseen horror
  1868 | D        | Reached skill level 17 in Long Blades
  1868 | D        | Reached skill level 15 in Dodging
  1871 | D        | Killed a merfolk siren
  1874 | D        | Killed an unseen horror
  1874 | D        | Reached XP level 11. HP: 77/112 MP: 3/10
  2016 | D        | Received a gift from Trog
  2112 | D        | Received a gift from Trog
  2115 | D        | Reached skill level 18 in Long Blades
  2118 | D        | Received a gift from Trog
  2137 | D        | Found Miwuenwa's Antique Weapon Shoppe.
  2137 | D        | Found Heduce's Gadget Shop.
  2137 | D        | Found Cequjeem's Weapon Boutique.
  2139 | D        | Found Poof's Jewellery Emporium.
  2139 | D        | Found Omygem's Food Shop.
  2139 | D        | Found Ajiumets's Distillery.
  2139 | D        | Found Vurreh's Gadget Boutique.
  2139 | D        | Found Igexe's General Store.
  2139 | D        | Found Xiwniddey's Weapon Shop.
  2139 | D        | Found Mel Naoh's Antique Armour Shoppe.
  2145 | D        | Found Loykuj's Book Boutique.
  2146 | D        | Found Kyufurer's Weapon Emporium.
  2146 | D        | Found Ceupty Pyth's Magic Scroll Boutique.
  2147 | D        | Found Zonge's Magic Scroll Emporium.
  2150 | D        | Bought a potion of degeneration for 14 gold pieces
  2150 | D        | Bought a scroll of identify for 28 gold pieces
  2156 | D        | Bought a scroll of identify for 22 gold pieces
  2156 | D        | Bought a scroll of identify for 22 gold pieces
  2162 | D        | Bought a pair of gloves for 90 gold pieces
  2162 | D        | Bought a pair of runed boots for 150 gold pieces
  2167 | D        | Identified a +1 pair of boots of running (You bought it in
                  | a shop in the Dungeon)
  2175 | D        | Bought a scroll of brand weapon for 220 gold pieces
  2177 | D        | Bought a scroll of enchant armour for 82 gold pieces
  2227 | D        | Noticed a deep troll
  2233 | D        | Killed a deep troll
  2246 | D        | Found Nanyroa's Armour Emporium.
  2278 | D        | Noticed Sonja
  2282 | D        | Killed Sonja
  2389 | D        | Found Peuzaciu's Weapon Boutique.
  2574 | D        | Bought an uncursed ring of see invisible for 150 gold
                  | pieces
  2575 | D        | Bought a ration for 60 gold pieces
  2575 | D        | Bought a ration for 60 gold pieces
  2575 | D        | Bought a ration for 60 gold pieces
  2635 | D        | Noticed a daeva
  2638 | D        | Noticed an unseen horror
  2638 | D        | Noticed an unseen horror
  2638 | D        | Noticed an unseen horror
  2642 | D        | Killed an unseen horror
  2642 | D        | Received a gift from Trog
  2642 | D        | Reached skill level 19 in Long Blades
  2643 | D        | Noticed an unseen horror
  2645 | D        | Noticed an unseen horror
  2646 | D        | Killed an unseen horror
  2648 | D        | Killed an unseen horror
  2649 | D        | Killed an unseen horror
  2649 | D        | Reached skill level 15 in Armour
  2652 | D        | Killed an unseen horror
  3060 | D        | Killed a deep elf master archer
  3125 | D        | Bought an uncursed ring of protection from fire for 250
                  | gold pieces
  3144 | D        | Killed the 27-headed Lernaean hydra
  3184 | D        | Noticed a 12-headed hydra
  3186 | D        | Paralysed by a floating eye for 4 turns
  3187 | D        | HP: 4/111 [12-headed hydra (8)]
  3187 | D        | Slain by a 12-headed hydra

Skill      XL: |  1  2  3  4  5  6  7  8  9 10 11 |
---------------+----------------------------------+-----
Long Blades    | 6 8 10 11 12 13 14 17 19 | 19.8
Dodging        | 4 7 9 10 11 12 13 15 | 15.5
Armour         | 5 9 11 12 15 | 15.3
Fighting       | 9 14 15 | 15.0

Action                   |  1- 3 |  4- 6 |  7- 9 | 10-12 || total
-------------------------+-------+-------+-------+-------++-------
Melee: Falchion          |    15 |    32 |   106 |       ||   153
       Headbutt          |     4 |    10 |    37 |    30 ||    81
       Great sword       |       |       |     2 |    27 ||    29
       Triple sword      |       |       |       |    46 ||    46
       Double sword      |       |       |       |    22 ||    22
Invok: Berserk           |     1 |       |     2 |     2 ||     5
       Trog's Hand       |       |       |     2 |     2 ||     4
       Brothers in Arms  |       |       |     1 |     2 ||     3
  Use: Scroll            |       |       |       |     6 ||     6
  Eat: Ration            |       |       |     1 |     2 ||     3
       Chunk             |       |       |       |     4 ||     4
Armor: Animal skin       |     1 |       |       |       ||     1
       Ring mail         |       |     2 |       |       ||     2
       Chain mail        |       |     1 |    66 |    33 ||   100
       Plate armour      |       |       |       |    26 ||    26
Dodge: Dodged            |     8 |    15 |    79 |    77 ||   179
       Rpst.: Falchion   |     4 |     4 |    10 |       ||    18
       Great sword       |       |       |       |     3 ||     3
       Triple sword      |       |       |       |     9 ||     9
       Double sword      |       |       |       |     8 ||     8
